 Dungeon Sprint DCSS version 0.29-a0-322-g68df515428 (webtiles) character file.

Game seed: 13657349973745566639

1218 mhtbhm the Spear-Bearer (level 8, -2/86 HPs)
             Began as a Minotaur Berserker on Apr 9, 2022.
             Was a Priest of Trog.
             Slain by Sonja
             ... wielding a +0 short sword of distortion
              (4 damage)
             ... in the Dungeon (Sprint I: "Red Sonja").
             The game lasted 00:01:33 (513 turns).

mhtbhm the Spear-Bearer (Minotaur Berserker)         Turns: 513, Time: 00:01:34

Health: -2/86      AC:  9    Str: 24    XL:     8   Next: 22%
Magic:  7/7        EV: 12    Int:  4    God:    Trog [***...]
Gold:   153        SH:  0    Dex: 10    Spells: 7/7 levels left

rFire   . . .      SeeInvis .   a - +2 scythe (protect)
rCold   + + .      Faith    .   (shield currently unavailable)
rNeg    + . .      Spirit   .   b - +1 scale mail "Alomax" {rC++ rN+}
rPois   .          Reflect  .   (helmet restricted)
rElec   .          Harm     .   (no cloak)
rCorr   .          Rampage  .   (no gloves)
Will    .....      NoTele   +   (no boots)
Stlth   ..........              (no amulet)
HPRegen 0.24/turn               (no ring)
MPRegen 0.10/turn               (no ring)

@: lethally poisoned (-2 -> -12), on berserk cooldown, slowed, very slow
A: horns 2, retaliatory headbutt
a: Renounce Religion, Berserk, Trog's Hand


You were in the Dungeon.
You worshipped Trog.
Trog was most pleased with you.
You visited 1 branch You collected 405 gold pieces.
You spent 252 gold pieces at shops.

Inventory:

Hand Weapons
 a - a +2 scythe of protection (weapon)
Missiles
 k - 2 poisoned darts (quivered)
Armour
 b - the +1 scale mail "Alomax" (worn) {rC++ rN+}
   (You bought it in a shop in the Dungeon)

   rC:        It greatly protects you from cold.
   rN:        It protects you from negative energy.
Scrolls
 h - a scroll of blinking
 l - a scroll of amnesia {unknown}
Potions
 d - a potion of heal wounds
 e - a potion of haste
 f - 2 potions of magic
 g - a potion of berserk rage
 j - a potion of flight {unknown}


   Skills:
 + Level 13.0 Fighting
 + Level 13.9 Polearms
 + Level 8.6 Armour
 + Level 7.7 Dodging


You had 7 spell levels left.
You didn't know any spells.
Your spell library was empty.

Dungeon Overview and Level Annotations

Branches:
Dungeon (1/1)

Altars:
Cheibriados
Dithmenos
Elyvilon
Fedhas
Gozag
Hepliaklqana
Kikubaaqudgha
Makhleb
Nemelex Xobeh
Okawaru
Qazlal
Ru
Sif Muna
Trog
Uskayaw
Vehumet
Wu Jian
Xom
Yredelemnul
Zin
The Shining One
Jiyva
Lugonu

Shops:
D [

Annotations:
D Sonja


Innate Abilities, Weirdness & Mutations

You have a pair of horns on your head.
You reflexively headbutt those who attack you in melee.


Message History

Unknown command.
Unknown command.
You completely miss Sonja.
Sonja is severely wounded.
You feel extremely sick.
Sonja hits you with a +0 short sword of distortion!
Space warps around you.
* * * LOW HITPOINT WARNING * * *
Sonja misses you.
Sonja hits you with a +0 short sword of distortion.
* * * LOW HITPOINT WARNING * * *
Space warps around you.
* * * LOW HITPOINT WARNING * * *
Unknown command.
You closely miss Sonja. Your headbutt misses Sonja.
Sonja is severely wounded.
You feel very sick.
Sonja hits you with a +0 short sword of distortion.
* * * LOW HITPOINT WARNING * * *
Space warps around you.
* * * LOW HITPOINT WARNING * * *
Sonja hits you but does no damage. Space warps around you.
* * * LOW HITPOINT WARNING * * *
Sonja hits you with a +0 short sword of distortion.
* * * LOW HITPOINT WARNING * * *
Sonja hits you but does no damage. Space warps around you.
* * * LOW HITPOINT WARNING * * *
Sonja hits you with a +0 short sword of distortion.
* * * LOW HITPOINT WARNING * * *
Sonja hits you but does no damage.
Unknown command.
You completely miss Sonja.
Sonja is severely wounded.
You are no longer berserk.
You are exhausted.
You feel as though you will be slow longer.
* * * LOW HITPOINT WARNING * * *
You feel very sick.
Sonja hits you with a +0 short sword of distortion.
You die...

#<.#..)..#.)'..#__#..')..#
#..)[.#..'[.#..'..'..#)..#
#..#####'#####'#__####...+
#..####..#...#.#### #####
#..#__####..##)#
#..#_____##'#_.+
#⌠⌠#_.∩...'..._#
####_..__##_.#'#
#_____###@#.# #######
#K### $.$ #$.$# ##.## #+#


You could see Sonja.

Vanquished Creatures
  2 kobold demonologists (D)
  A slime creature (D)
  Sigmund (D)
  A yak (D)
  A floating eye (D)
  An ogre (D)
  A jelly (D)
  Ijyb (D)
9 creatures vanquished.

Notes
Turn   | Place    | Note
-------+----------+-------------------------------------------
     0 | D        | mhtbhm the Minotaur Berserker began the quest for the Orb.
     0 | D        | Reached XP level 1. HP: 19/19 MP: 0/0
     1 | D        | Noticed Ijyb
    11 | D        | Killed Ijyb
    12 | D        | Reached skill level 5 in Fighting
    12 | D        | Reached skill level 5 in Polearms
    12 | D        | Reached XP level 2. HP: 22/29 MP: 1/1
   159 | D        | Noticed an ogre
   162 | D        | Killed an ogre
   163 | D        | Reached XP level 3. HP: 39/39 MP: 2/2
   163 | D        | Reached XP level 4. HP: 47/47 MP: 3/3
   253 | D        | Noticed Sigmund
   260 | D        | Killed Sigmund
   260 | D        | Reached ** piety under Trog
   261 | D        | Reached skill level 10 in Polearms
   261 | D        | Reached skill level 5 in Armour
   261 | D        | Reached skill level 5 in Dodging
   261 | D        | Reached XP level 5. HP: 57/57 MP: 4/4
   261 | D        | Reached XP level 6. HP: 64/64 MP: 5/5
   319 | D        | Found an ornate altar of the Wu Jian Council.
   319 | D        | Found a shimmering blue altar of Sif Muna.
   321 | D        | Found a radiant altar of Vehumet.
   339 | D        | Found Naeducko's Antique Armour Emporium.
   339 | D        | Found an ancient bone altar of Kikubaaqudgha.
   339 | D        | Found a hazy altar of Hepliaklqana.
   339 | D        | Found a stormy altar of Qazlal.
   339 | D        | Found a hide-covered altar of Uskayaw.
   339 | D        | Found a blossoming altar of Fedhas.
   339 | D        | Found a bloodstained altar of Trog.
   339 | D        | Found an iron altar of Okawaru.
   339 | D        | Found a basalt altar of Yredelemnul.
   339 | D        | Found a glowing golden altar of the Shining One.
   339 | D        | Found a snail-covered altar of Cheibriados.
   339 | D        | Found a sacrificial altar of Ru.
   339 | D        | Found a glowing silver altar of Zin.
   339 | D        | Found a shadowy altar of Dithmenos.
   339 | D        | Found a white marble altar of Elyvilon.
   339 | D        | Noticed a yak
   342 | D        | Killed a yak
   343 | D        | Reached skill level 10 in Fighting
   344 | D        | Found an opulent altar of Gozag.
   360 | D        | Found a sparkling altar of Nemelex Xobeh.
   370 | D        | Bought a warped scale mail for 252 gold pieces
   370 | D        | Identified the +1 scale mail "Alomax" {rC++ rN+} (You
                  | bought it in a shop in the Dungeon)
   388 | D        | Found a burning altar of Makhleb.
   388 | D        | Found a viscous altar of Jiyva.
   388 | D        | Found a shimmering altar of Xom.
   388 | D        | Found a corrupted altar of Lugonu.
   388 | D        | Noticed a slime creature
   393 | D        | Killed a slime creature
   394 | D        | Reached XP level 7. HP: 68/75 MP: 6/6
   426 | D        | Noticed a kobold demonologist
   426 | D        | Noticed a kobold demonologist
   429 | D        | Paralysed by a floating eye for 3 turns
   434 | D        | Noticed a sixfirhy
   435 | D        | Killed a kobold demonologist
   435 | D        | Reached *** piety under Trog
   439 | D        | Killed a kobold demonologist
   440 | D        | Reached XP level 8. HP: 86/86 MP: 7/7
   497 | D        | Noticed Sonja
   513 | D        | HP: 2/86 [poisoned by Sonja (curare-tipped dart)]
   513 | D        | Slain by Sonja

Illustrated notes

Levels and vault maps discovered:
D:        dungeon_sprint_1 [red_sonja_temple_1, red_sonja_temple_small_1]

Skill      XL: |  1  2  3  4  5  6  7 |
---------------+----------------------+-----
Fighting       | 5 7 9 11 13 | 13.0
Polearms       | 5 7 10 12 13 | 13.9
Armour         | 3 4 5 7 8 |  8.6
Dodging        | 3 4 5 6 7 |  7.7

Action                   |  1- 3 |  4- 6 |  7- 9 || total
-------------------------+-------+-------+-------++-------
Melee: Spear             |    11 |     6 |       ||    17
       Headbutt          |     2 |     2 |     3 ||     7
       Scythe            |       |    10 |    17 ||    27
Invok: Berserk           |     2 |     1 |     2 ||     5
Evoke: Wand              |       |       |     4 ||     4
  Use: Potion            |       |       |     1 ||     1
Armor: Chain mail        |       |     5 |       ||     5
       Scale mail        |       |     2 |    13 ||    15
Dodge: Dodged            |     1 |     3 |    10 ||    14

Table legend: (Time is in decaauts)
 A = Elapsed time spent in this place.
 B = Non-inter-level travel time spent in this place.
 C = Inter-level travel time spent in this place.
 D = Time resting spent in this place.
 E = Time spent auto-exploring this place.
 F = Levels seen in this place.
 G = Mean time per level.
                   A        B        C        D        E       F      G
               +--------+--------+--------+--------+--------+-----+--------+
         Total |    552 |    552 |      0 |    338 |      1 |   1 |  552.0 |
       Dungeon |    552 |    552 |      0 |    338 |      1 |   1 |  552.0 |
               +--------+--------+--------+--------+--------+-----+--------+

Top non-repeatable levels by time:
       D: 552 daAuts
